[Event "*** Titled Tuesday Blitz"]
[Site "Chess.com"]
[Date "2018.09.04"]
[Round "2"]
[White "Slovak_fighter2000"]
[Black "Mbneu"]
[Result "1/2-1/2"]
[WhiteElo "2407"]
[BlackElo "2263"]
[TimeControl "180+2"]
[EndTime "14:01:31 PDT"]
[Termination "Game drawn - insufficient material"]

1. d4 Nf6 2. Bf4 d6 3. Nf3 a6 4.
e3 b6 5. h3 Bb7 6. Nbd2 Nbd7 7. Be2 g6 8. O-O Bg7 9. a4 O-O 10. c3 c5 11. Qb3 Qc7 12. Bh2 h6 13. Rfc1 Ne4 14. Nxe4 Bxe4 15. Nd2 Bc6 16. Bf3 Bxf3 17. Nxf3 Rfb8 18. Qa3 b5 19. axb5 Rxb5 20. b4 cxb4 21. cxb4 Qb7 22. Rcb1 Nb6 23. Nd2 Qd5 24. Qb3 e5 25.
dxe5 dxe5 26. Qxd5 Nxd5 27. Nc4 f6 28. Rd1 Ra7 29. Na5 Nxb4 30. Rd8+ Kf7 31. Nc4 Ke7 32. Rg8 Ke6 33. Rd8 Rd7 34. Ra8 Rc7 35. Nd2 Rc2 36. Nb3 Nc6 37. Nc1 a5 38. Bg3 Rcb2 39. Ra6 Rb6 40.
Rxb6 Rxb6 41. Nd3 Rb5 42. Kf1 Bf8 43. f3 Nb4 44. Nc1 Nc2 45. Ra2 Na3 46. Ke2 Nc4 47. Be1 Rb2+ 48. Rxb2 Nxb2 49. Bxa5 Nc4 50. Bd2 Bc5 51.
e4 Bg1 52. Nd3 h5 53. Bc3 f5 54. Nc5+ Kd6 55. Nd3 Ke6 56. Bb4 fxe4 57. fxe4 Bd4 58. Kf3 Nb6 59. Bd2 Nc4 60. Bc1 Nd6 61. Bd2 Nf7 62.
Bc1 Kf6 63. g4 Ng5+ 64. Bxg5+ Kxg5 65. Ne1 Kh4 66. gxh5 gxh5 67. Kg2 Kg5 68. Nd3 Kh4 69. Nb4 Bb2 70. Nd3 Bd4 71. Ne1 Kg5 72. Nd3 Kg6 73. Kf3 Kg5 74. Nb4 Kh4 75. Kg2 Kg5 76. Nd5 Kh4 77.
Kh2 Kg5 78. Kg3 h4+ 79. Kf3 Kh5 80. Nb4 Kg5 81. Nc6 Bb2 82. Nb4 Bd4 83. Nd5 Bb2 84.
Nc7 Bd4 85. Ne6+ Kf6 86. Nc7 Kg5 87. Nb5 Bb2 88. Na7 Ba1 89. Nc6 Bb2 90. Nb4 Ba1 91.
Nd3 Bd4 92. Ke2 Kf6 93. Kd2 Ke6 94. Kc2 Kd6 95. Kb3 Kc6 96. Kc4 Ba1 97. Ne1 Bd4 98. Nf3 Bf2 99. Nxe5+ Kd6 100. Nf3 Ke6 101. Kd3 Bg3 102. Ke3 Bb8 103. Nd4+ Kf6 104. Nf5 Kg5 105. Kf3 Be5 106. Ne3 Bb8 107. Ng2 Be5 108. Ke3 Bb8 109. Kd4 Bg3 110. Kd5 Kf6 111. Ne3 Kg5 112. Nf5 Kf4 113. Ng7 Kf3 114. e5 Bxe5 115. Kxe5 Kg3 116. Nf5+ Kxh3 117. Nxh4 1/2-1/2

[Event "*** Titled Tuesday Blitz"]
[Site "Chess.com"]
[Date "2018.09.04"]
[Round "2"]
[White "Aryangholami"]
[Black "Haykos"]
[Result "1/2-1/2"]
[WhiteElo "2727"]
[BlackElo "2536"]
[TimeControl "180+2"]
[EndTime "14:03:35 PDT"]
[Termination "Game drawn by 50-move rule"]

1. Nf3 Nf6 2. g3 b6 3. Bg2 Bb7 4. O-O e6 5. d3 d5 6. Nbd2 c5 7. Re1 Nbd7 8. e4 dxe4 9. dxe4 Be7 10. Qe2 O-O 11. c3 a6 12. e5 Nd5 13.
Ne4 b5 14. b3 Qc7 15. c4 bxc4 16. bxc4 Nb4 17. Bf4 Rfd8 18. Nd6 Rab8 19. Nxb7 Qxb7 20. Ng5 Qc7 21. Qg4 Nf8 22. Re2 Nd3 23. Qh5 Bxg5 24.
Bxg5 Rd4 25. Be4 Rb4 26. Re3 Nxe5 27. Bf4 f6 28. Bxe5 fxe5 29. Bd3 e4 30. Bf1 Qf7 31.
Qe2 Nd7 32. Rxe4 Rxe4 33. Qxe4 Rb2 34. Qe3 Qf6 35. Rd1 Nf8 36. a3 Rc2 37. Qxc5 Rc3 38. a4 h5 39. Qxh5 Ra3 40. Qa5 Ra2 41. Rd2 Ra1 42. Qc5 Qf3 43. Qe3 Qxe3 44. fxe3 Rxa4 45.
c5 Rb4 46. c6 Rb6 47. c7 Rc6 48. Bxa6 Rxc7 49. Rd8 Kf7 50. Bf1 Nd7 51. Ra8 Ne5 52.
Ra2 Rc3 53. Re2 Ng4 54. e4 Kf6 55. Bh3 Ne5 56. Rf2+ Ke7 57. Re2 Nf3+ 58. Kg2 Ng5 59. Bg4 Rc4 60. Bf3 Rc3 61. Bh5 Rc4 62. e5 Rc5 63. h4 Nf7 64. Bxf7 Kxf7 65. Kf3 Rc4 66. Re4 Rc3+ 67. Kg4 Kg6 68. h5+ Kh6 69. Kh4 Rc1 70. g4 g5+ 71. Kg3 Rc3+ 72. Kf2 Kg7 73. Re3 Rc4 74. Kf3 Rf4+ 75. Kg3 Rb4 76. Rd3 Rb5 77.
Re3 Rb4 78. Re2 Rb3+ 79. Kf2 Rb4 80. Kf3 Rf4+ 81. Kg3 Rb4 82. Re3 Rc4 83. Ra3 Rc5 84. Re3 Rc4 85. Kh3 Rb4 86. Kg3 Rc4 87. Kf3 Rf4+ 88.
Kg3 Rb4 89. Re2 Rb3+ 90. Kf2 Rb4 91. Kf3 Rf4+ 92. Kg3 Rb4 93. Rd2 Rb5 94. Rd7+ Kh6 95. Rf7 Rxe5 96. Rf6+ Kh7 97. Kf3 Kg7 98. Rg6+ Kh7 99.
Kf2 Kh8 100. Kf3 Kh7 101. Rf6 Kg7 102. Rg6+ Kh7 103. Kf2 Kh8 104. Kg3 Re3+ 105. Kg2 Re5 106. Rf6 Kg7 107. Rf2 Re4 108. Kf3 Rf4+ 109. Kg3 Re4 110. Rf3 Rc4 111. Re3 Kf6 112. Rf3+ Kg7 113. Ra3 Kf6 114. Kf3 Rf4+ 115. Kg3 Rc4 116. Rb3 Rd4 117. Rc3 Rb4 118. Re3 Rc4 119. Re2 Rc3+ 120. Kf2 Rc4 121. Kf3 Rf4+ 122. Kg3 Rb4 123. Rf2+ Kg7 124. Kf3 Rf4+ 125. Kg3 Rb4 126. Re2 Kf6 127. Rf2+ Kg7 128. Rf3 Rc4 129. Rd3 Kf6 130. Rf3+ Kg7 131. Rf2 Rb4 132. Ra2 Rb3+ 133. Kf2 Rb4 134. Kf3 Rf4+ 135. Kg3 Rb4 136. Ra6 Kf6 137. Ra7 Rb3+ 138. Kf2 Rb2+ 139. Ke3 Rb3+ 140. Ke4 Rb4+ 141. Kf3 Rb3+ 142. Ke2 Rb2+ 143. Kd3 Rb3+ 144. Ke2 Rb2+ 145. Kf3 Rb3+ 1/2-1/2

[Event "*** Titled Tuesday Blitz"]
[Site "Chess.com"]
[Date "2018.09.04"]
[Round "3"]
[White "rasmussvane"]
[Black "Arm-Akiba"]
[Result "1-0"]
[WhiteElo "2707"]
[BlackElo "2750"]
[TimeControl "180+2"]
[EndTime "14:05:56 PDT"]
[Termination "rasmussvane won by resignation"]

1. Nf3 Nf6 2. c4 e6 3. Nc3 c5 4. g3 b6 5. Bg2 Bb7 6. O-O Be7 7. d4 cxd4 8. Qxd4 O-O 9. Rd1 d6 10. Bg5 Nc6 11. Qf4 Qb8 12. Nb5 Ne5 13. Bxf6 Bxf6 14.
Nxd6 Nxf3+ 15. Bxf3 Bxf3 16. Qxf3 Bxb2 17. Rab1 Ba3 18.
Qxa3 1-0

[Event "*** Titled Tuesday Blitz"]
[Site "Chess.com"]
[Date "2018.09.04"]
[Round "3"]
[White "ChessicallyInclined"]
[Black "Caisachess"]
[Result "1-0"]
[WhiteElo "2363"]
[BlackElo "2227"]
[TimeControl "180+2"]
[EndTime "14:06:35 PDT"]
[Termination "ChessicallyInclined won by resignation"]

1. d4 Nf6 2. c4 e6 3. Nc3 Bb4 4. e3 O-O 5. Ne2 d5 6. a3 Be7 7.
cxd5 exd5 8. Nf4 Re8 9. Bd3 c6 10. O-O Bf8 11. f3 b6 12. Bc2 Nbd7 13. e4 dxe4 14.
fxe4 Bb7 15. e5 Nd5 16. Nfxd5 cxd5 17. Rxf7 Kxf7 18. Qh5+ g6 19. Qxh7+ Bg7 20. Bxg6+ Kf8 21. Bh6 1-0

[Event "*** Titled Tuesday Blitz"]
[Site "Chess.com"]
[Date "2018.09.04"]
[Round "3"]
[White "Eliwood44"]
[Black "timator"]
[Result "0-1"]
[WhiteElo "2164"]
[BlackElo "2401"]
[TimeControl "180+2"]
[EndTime "14:07:18 PDT"]
[Termination "timator won by resignation"]

1. d4 Nf6 2. Nf3 e6 3. Bg5 d5 4. e3 Be7 5. Bd3 h6 6. Bh4 b6 7.
O-O Bb7 8. Nbd2 O-O 9. a4 a6 10. c3 c5 11. Re1 Nbd7 12. dxc5 Nxc5 13. Bc2 Nfe4 14. Nxe4 Bxh4 15. Nxc5 bxc5 16. Qd3 g6 17. Rad1 Bf6 18. Qd2 Qb6 19. e4 Rad8 20. exd5 Bxd5 21.
Qxh6 Bg7 22. Qh3 Bxf3 23. Qxf3 Qxb2 24. Be4 Qxc3 0-1

[Event "*** Titled Tuesday Blitz"]
[Site "Chess.com"]
[Date "2018.09.04"]
[Round "3"]
[White "Alexander_Moskalenko"]
[Black "GhostOfGreenval"]
[Result "1-0"]
[WhiteElo "2810"]
[BlackElo "2458"]
[TimeControl "180+2"]
[EndTime "14:07:36 PDT"]
[Termination "Alexander_Moskalenko won by resignation"]

1. c4 Nf6 2. Nc3 g6 3. d4 d5 4. Nf3 Bg7 5. h4 c6 6. Bf4 Ne4 7. h5 Nxc3 8. bxc3 dxc4 9. h6 Bf6 10. e4 e6 11. Bxc4 Qa5 12. Rc1 O-O 13. e5 Bh8 14. Ng5 Na6 15. Ne4 Nc7 16. Bg5 Nd5 17. Qf3 f5 18.
exf6 Bd7 19. O-O Ne7 20. Nc5 1-0

[Event "*** Titled Tuesday Blitz"]
[Site "Chess.com"]
[Date "2018.09.04"]
[Round "3"]
[White "Kriari"]
[Black "patrisiii123"]
[Result "1-0"]
[WhiteElo "2819"]
[BlackElo "2315"]
[TimeControl "180+2"]
[EndTime "14:07:45 PDT"]
[Termination "Kriari won by checkmate"]

1. e4 e5 2. Bc4 Nc6 3. d3 Nf6 4. Nf3 Bc5 5. O-O d6 6. Bg5 Bg4 7. Nbd2 h6 8. Bh4 g5 9. Bg3 Qd7 10. c3 O-O-O 11. b4 Bb6 12. a4 a5 13. bxa5 Nxa5 14. Rb1 Nh5 15. d4 exd4 16. cxd4 Bxd4 17.
Nb3 Bb6 18. Nxa5 Bxa5 19. Rxb7 Kxb7 20. Qd5+ Qc6 21. Rb1+ Bb6 22. Ba6+ Kxa6 23. Qxc6 Bxf3 24. a5 Bxe4 25. Rxb6+ cxb6 26. Qxb6# 1-0

[Event "*** Titled Tuesday Blitz"]
[Site "Chess.com"]
[Date "2018.09.04"]
[Round "3"]
[White "GMWSO"]
[Black "PaulfromSPb"]
[Result "1-0"]
[WhiteElo "2965"]
[BlackElo "2646"]
[TimeControl "180+2"]
[EndTime "14:07:50 PDT"]
[Termination "GMWSO won by resignation"]

1. d4 Nf6 2. Bf4 e6 3. e3 b6 4. Nd2 Bb7 5. Ngf3 c5 6. Nc4 d5 7. Nce5 a6 8. Ng5 Qe7 9. Nexf7 Rg8 10. Nd6+ Kd8 11. Nxb7+ Qxb7 12. Nxe6+ Ke8 13. Nc7+ Kf7 14. Nxa8 Qxa8 15. Be2 Nc6 16. O-O Be7 17. Be5 Rd8 18.
Bxf6 Bxf6 19. c3 c4 20. b3 b5 21. a4 Qb8 22. axb5 axb5 23. Qb1 Kg8 24. bxc4 dxc4 25. Bf3 Qb6 26. Qe4 Ne7 27. Ra8 Rxa8 28. Qxa8+ Kf7 29. Bd5+ Kg6 30. Rb1 h5 31. Bxc4 Qc7 32. Bd3+ Kf7 33. Qa3 Nd5 34. Qb3 1-0

[Event "*** Titled Tuesday Blitz"]
[Site "Chess.com"]
[Date "2018.09.04"]
[Round "3"]
[White "Fighterman91"]
[Black "FMJoseHerrera"]
[Result "0-1"]
[WhiteElo "2473"]
[BlackElo "2397"]
[TimeControl "180+2"]
[EndTime "14:08:09 PDT"]
[Termination "FMJoseHerrera won by resignation"]

1. d4 Nf6 2. Bf4 c5 3. d5 g6 4.
Nc3 Bg7 5. e4 O-O 6. Nf3 b5 7.
Bxb5 Nxe4 8. Nxe4 Qa5+ 9. Nc3 Bxc3+ 10. bxc3 Qxb5 11. Qd3 Ba6 12. Qxb5 Bxb5 13. Nd2 d6 14. Rb1 Ba6 15. h4 h5 16. c4 Nd7 17. Rh3 Nb6 18. Ra3 Bxc4 19. Nxc4 Nxc4 20. Rb7 Nxa3 0-1

[Event "*** Titled Tuesday Blitz"]
[Site "Chess.com"]
[Date "2018.09.04"]
[Round "3"]
[White "pedromartinez91"]
[Black "joejan"]
[Result "1-0"]
[WhiteElo "2397"]
[BlackElo "2210"]
[TimeControl "180+2"]
[EndTime "14:08:15 PDT"]
[Termination "pedromartinez91 won by resignation"]

1. e4 c5 2. Nf3 d6 3. Bb5+ Bd7 4. c4 Nc6 5. d4 cxd4 6. Nxd4 Nxd4 7. Qxd4 Bxb5 8. cxb5 Nf6 9. Nc3 e6 10. O-O Be7 11.
Rd1 O-O 12. Bg5 Ne8 13. Bxe7 Qxe7 14. a4 a5 15. Qb6 h6 16. Rac1 f5 17. Re1 fxe4 18.
Rxe4 Qf7 19. f4 d5 20. Rxe6 Qxf4 21. Nxd5 Qxa4 22. Ne7+ Kf7 23. Rf1+ Nf6 24. Rexf6+ 1-0

[Event "*** Titled Tuesday Blitz"]
[Site "Chess.com"]
[Date "2018.09.04"]
[Round "3"]
[White "jefferyx"]
[Black "Margency"]
[Result "1-0"]
[WhiteElo "2762"]
[BlackElo "2692"]
[TimeControl "180+2"]
[EndTime "14:08:16 PDT"]
[Termination "jefferyx won by resignation"]

1. d4 Nf6 2. Nf3 g6 3. Nbd2 Bg7 4. e4 d5 5. e5 Ne4 6. Bd3 c5 7. c3 Bf5 8. Nh4 Nxf2 9. Bb5+ Bd7 10. Bxd7+ Qxd7 11. Kxf2 O-O 12. Re1 e6 13. Nhf3 Nc6 14. Kg1 cxd4 15.
cxd4 f6 16. exf6 Rxf6 17. Nb3 Raf8 18. Bg5 Rf5 19. Nc5 Qc8 20. Nxe6 1-0

[Event "*** Titled Tuesday Blitz"]
[Site "Chess.com"]
[Date "2018.09.04"]
[Round "3"]
[White "Eagle_pada"]
[Black "RiskyDecision"]
[Result "1-0"]
[WhiteElo "2663"]
[BlackElo "2484"]
[TimeControl "180+2"]
[EndTime "14:08:48 PDT"]
[Termination "Eagle_pada won by resignation"]

1. d4 Nf6 2. c4 e6 3. Nf3 d5 4. Nc3 dxc4 5. e3 a6 6. a4 c5 7. Bxc4 Nc6 8. O-O Be7 9. Qe2 cxd4 10. Rd1 e5 11. exd4 exd4 12. Nxd4 Nxd4 13. Qe5 Qd6 14. Qxd6 Bxd6 15. Rxd4 Bc5 16. Rd1 O-O 17. Bg5 Bg4 18.
Rd2 Rad8 19. Bd5 h6 20. Bxf6 gxf6 21. Ne4 Be7 22. Bxb7 f5 23. Rxd8 Rxd8 24. Nc3 Rd2 25. f3 Bh5 26. a5 Bc5+ 27. Kh1 f4 28. Ne4 Rxb2 29. Nxc5 1-0

[Event "*** Titled Tuesday Blitz"]
[Site "Chess.com"]
[Date "2018.09.04"]
[Round "3"]
[White "gemarin"]
[Black "Lord_Neezy"]
[Result "1-0"]
[WhiteElo "2116"]
[BlackElo "2044"]
[TimeControl "180+2"]
[EndTime "14:08:50 PDT"]
[Termination "gemarin won by resignation"]

1. d4 Nf6 2. c4 e6 3. Nf3 d5 4. Nc3 a6 5. a4 b6 6. cxd5 Nxd5 7.
e4 Nxc3 8. bxc3 Bb7 9. Bd3 c5 10.
O-O Be7 11. Rb1 O-O 12. Be3 Nd7 13. Qe2 Qc7 14. Rfd1 Bc6 15. Qc2 Rfc8 16. Rdc1 h6 17. Qd1 Qb7 18. Nd2 Qc7 19. Qg4 Nf6 20. Qf3 Bxa4 21.
e5 Nd5 22. Qe4 f5 23. exf6 Nxf6 24. Qxe6+ Kh8 25. Qxb6 cxd4 26. Bxd4 Nd5 27. Qg6 1-0

[Event "*** Titled Tuesday Blitz"]
[Site "Chess.com"]
[Date "2018.09.04"]
[Round "3"]
[White "Bauxi435"]
[Black "Caterpiller35"]
[Result "0-1"]
[WhiteElo "2347"]
[BlackElo "2291"]
[TimeControl "180+2"]
[EndTime "14:09:01 PDT"]
[Termination "Caterpiller35 won by resignation"]

1. d4 Nf6 2. c4 e6 3. Nc3 Bb4 4. f3 Nc6 5. e4 d5 6. e5 Ng8 7. cxd5 exd5 8. Be3 Nh6 9. Bd3 O-O 10. Bxh6 Qh4+ 11. g3 Qxh6 12. Ne2 Bh3 13. Kf2 f6 14. Nxd5 fxe5 15. Nxb4 Rxf3+ 16. Kxf3 Rf8+ 17. Nf4 Rxf4+ 18. gxf4 Qxf4+ 19. Ke2 Nxd4+ 20. Ke1 Qe3+ 21. Qe2 Nxe2 22. Bxe2 Bg4 23. Kd1 Qxe2+ 24. Kc1 Qe3+ 25. Kb1 Qe4+ 26. Nc2 Qxh1+ 0-1

[Event "*** Titled Tuesday Blitz"]
[Site "Chess.com"]
[Date "2018.09.04"]
[Round "3"]
[White "W_Amadeus"]
[Black "dimke2802"]
[Result "1-0"]
[WhiteElo "2567"]
[BlackElo "2413"]
[TimeControl "180+2"]
[EndTime "14:09:08 PDT"]
[Termination "W_Amadeus won by resignation"]

1. d4 Nf6 2. c4 g6 3. Nc3 Bg7 4. e4 d6 5. Nf3 O-O 6. Be2 e5 7.
O-O Nc6 8. d5 Ne7 9. Qc2 Nh5 10.
Rd1 f5 11. Ng5 Nf6 12. f3 c6 13. Be3 Kh8 14. Ne6 Bxe6 15. dxe6 Ne8 16. Qb3 Qc8 17. c5 dxc5 18. Bxc5 Bf6 19. Rd7 1-0

[Event "*** Titled Tuesday Blitz"]
[Site "Chess.com"]
[Date "2018.09.04"]
[Round "3"]
[White "HonzaVykouk"]
[Black "evgenysharapov"]
[Result "1-0"]
[WhiteElo "2546"]
[BlackElo "2407"]
[TimeControl "180+2"]
[EndTime "14:09:14 PDT"]
[Termination "HonzaVykouk won by resignation"]

1. e4 c5 2. Nf3 d6 3. d4 cxd4 4.
Nxd4 Nf6 5. Nc3 Nc6 6. Bg5 Qb6 7.
Nb3 e6 8. Qd2 Be7 9. O-O-O O-O 10. Kb1 Rd8 11. Bd3 a6 12. h4 Qc7 13. f4 b5 14. h5 b4 15. h6 g6 16. Na4 Bd7 17.
g4 Rab8 18. e5 dxe5 19. Nac5 Be8 20. Nxa6 Qb6 21. Nxb8 Qxb8 22. Rhe1 exf4 23. Bxf4 e5 24. Bg5 e4 25. Bxf6 Bxf6 26. Rxe4 Ne5 27. Qf4 Bh8 28. Rde1 f6 29. Rxe5 fxe5 30. Bc4+ 1-0

[Event "*** Titled Tuesday Blitz"]
[Site "Chess.com"]
[Date "2018.09.04"]
[Round "3"]
[White "twitchTriniCupid"]
[Black "nochewycandy"]
[Result "0-1"]
[WhiteElo "2209"]
[BlackElo "2156"]
[TimeControl "180+2"]
[EndTime "14:09:23 PDT"]
[Termination "nochewycandy won by resignation"]

1. d4 g6 2. Nf3 Bg7 3. c4 Nf6 4. Nc3 O-O 5. Bg5 d6 6. e3 h6 7. Bh4 c5 8. Be2 Nc6 9. O-O Bf5 10. Rc1 Rc8 11. h3 cxd4 12. Nxd4 Nxd4 13. exd4 Ne4 14. Nd5 g5 15. g4 Bg6 16. Bg3 e6 17. Nc3 Nxg3 18.
fxg3 Qb6 19. Kh2 Qxd4 20. Qa4 Qe3 21. Bf3 Be5 22. Qb3 Bd3 0-1

[Event "*** Titled Tuesday Blitz"]
[Site "Chess.com"]
[Date "2018.09.04"]
[Round "3"]
[White "GMHess"]
[Black "alpasya2009"]
[Result "0-1"]
[WhiteElo "2677"]
[BlackElo "2463"]
[TimeControl "180+2"]
[EndTime "14:09:24 PDT"]
[Termination "alpasya2009 won by resignation"]

1. d4 Nf6 2. c4 g6 3. Nc3 Bg7 4. e4 d6 5. Nf3 O-O 6. Be2 e5 7. d5 a5 8. O-O Na6 9. Be3 Ng4 10.
Bg5 f6 11. Bc1 f5 12. Ng5 Nc5 13. exf5 gxf5 14. f4 h6 15. fxe5 hxg5 16. e6 Ne5 17. Qc2 Nxe6 18. dxe6 Bxe6 19. b3 Nc6 20. Bd3 Nb4 21. Qd2 Qf6 22. Bb2 Qd4+ 0-1

[Event "*** Titled Tuesday Blitz"]
[Site "Chess.com"]
[Date "2018.09.04"]
[Round "3"]
[White "Der_Honigdachs"]
[Black "Marcus_Harvey"]
[Result "0-1"]
[WhiteElo "2311"]
[BlackElo "2695"]
[TimeControl "180+2"]
[EndTime "14:09:24 PDT"]
[Termination "Marcus_Harvey won by checkmate"]

1. d4 e6 2. e4 d5 3. exd5 exd5 4. Nf3 Bd6 5. c4 c6 6. Nc3 Ne7 7. cxd5 Nxd5 8. Bd3 O-O 9. O-O Nxc3 10. bxc3 Nd7 11. Bg5 Qa5 12. Qe2 Qxc3 13. Qe4 g6 14. Qh4 Qxd3 15.
Rad1 Qf5 16. Rfe1 f6 17. Bh6 Rd8 18. d5 cxd5 19. Nd4 Qh5 20. Qxh5 gxh5 21. Nf5 Bf8 22. Rxd5 Bxh6 23. Nxh6+ Kf8 24. Nf5 Re8 25. Rc1 Nb6 26. Rd6 Bxf5 27. Rxf6+ Kg7 28. Rxf5 Rac8 29. Rxc8 Re1# 0-1

[Event "*** Titled Tuesday Blitz"]
[Site "Chess.com"]
[Date "2018.09.04"]
[Round "3"]
[White "snowlord"]
[Black "catalin009"]
[Result "1-0"]
[WhiteElo "2716"]
[BlackElo "2448"]
[TimeControl "180+2"]
[EndTime "14:09:33 PDT"]
[Termination "snowlord won by resignation"]

1. e4 c5 2. Nc3 g6 3. d4 Bg7 4.
dxc5 Qa5 5. Bd2 Qxc5 6. Nd5 Na6 7. Nf3 Nf6 8. b4 Qd6 9. Bf4 Qe6 10. Ng5 Qg4 11.
Nxf6+ Bxf6 12. Qxg4 Bxa1 13. Bxa6 bxa6 14. O-O Bf6 15. e5 Bg7 16. Qf3 Rb8 17. e6 1-0

[Event "*** Titled Tuesday Blitz"]
[Site "Chess.com"]
[Date "2018.09.04"]
[Round "3"]
[White "TastyFrenchFries"]
[Black "Schachmalanders"]
[Result "1-0"]
[WhiteElo "2345"]
[BlackElo "2357"]
[TimeControl "180+2"]
[EndTime "14:09:40 PDT"]
[Termination "TastyFrenchFries won by resignation"]

1. e4 c5 2. Nf3 e6 3. c3 d5 4. e5 Nc6 5. d4 Qb6 6. a3 Nge7 7. b4 cxd4 8. cxd4 Nf5 9. Be3 Bd7 10. Bd3 Nxe3 11.
fxe3 Be7 12. O-O O-O 13. Nc3 f6 14. exf6 Bxf6 15. Na4 Qc7 16. Qc2 g6 17. b5 Rac8 18.
bxc6 Bxc6 19. Nc3 e5 20. dxe5 Bxe5 21. Nxe5 Qxe5 22. Qd2 d4 23. Bc4+ Kh8 24. exd4 1-0

[Event "*** Titled Tuesday Blitz"]
[Site "Chess.com"]
[Date "2018.09.04"]
[Round "3"]
[White "MrVezunchik"]
[Black "danyuffa"]
[Result "1/2-1/2"]
[WhiteElo "2836"]
[BlackElo "2679"]
[TimeControl "180+2"]
[EndTime "14:09:52 PDT"]
[Termination "Game drawn by agreement"]

1. d4 Nf6 2. c4 g6 3. g3 c5 4. d5 Bg7 5. Nc3 O-O 6. Bg2 e6 7. Nf3 exd5 8. cxd5 d6 9. O-O Re8 10. Re1 a6 11. a4 Nbd7 12. Qc2 Ne5 13. Nxe5 Rxe5 14. Bf4 Re8 15. e4 Ng4 16. h3 Ne5 17. Nd1 Bd7 18. a5 Bb5 19. Bxe5 Bxe5 20. Ne3 Bd4 21. Ra2 h5 22. h4 Qf6 23. Kh2 Re7 24. f4 Rae8 25. b3 Qg7 26. Nc4 Bxc4 27. Qxc4 1/2-1/2

[Event "*** Titled Tuesday Blitz"]
[Site "Chess.com"]
[Date "2018.09.04"]
[Round "3"]
[White "novocane"]
[Black "tsakos2731"]
[Result "0-1"]
[WhiteElo "2158"]
[BlackElo "2414"]
[TimeControl "180+2"]
[EndTime "14:09:52 PDT"]
[Termination "tsakos2731 won by resignation"]

1. d4 d5 2. c4 e6 3. Nc3 a6 4. e4 dxe4 5. Nxe4 e5 6. dxe5 Qxd1+ 7. Kxd1 Nc6 8. f4 Bf5 9. Ng3 O-O-O+ 10. Ke1 Bc2 11.
Bd2 h5 12. Rc1 Bg6 13. h4 Nh6 14. Nf3 Bc5 15. Be2 Ng4 16. Rf1 Ne3 17. Bxe3 Bxe3 18. Rd1 Nb4 19. Rh1 Nc2+ 20. Kf1 Bxf4 21. Rh3 Ne3+ 22. Ke1 Nxd1 23. Bxd1 Rhe8 24. Bb3 Bxe5 0-1

[Event "*** Titled Tuesday Blitz"]
[Site "Chess.com"]
[Date "2018.09.04"]
[Round "3"]
[White "Barcelona_Guy"]
[Black "JoachimMouhamad"]
[Result "1-0"]
[WhiteElo "2535"]
[BlackElo "2401"]
[TimeControl "180+2"]
[EndTime "14:09:57 PDT"]
[Termination "Barcelona_Guy won by checkmate"]

1. e4 e5 2. Nf3 Nc6 3. Bb5 Nf6 4.
d3 Bc5 5. Bxc6 dxc6 6. Nbd2 O-O 7. Qe2 Re8 8. Nc4 Bd6 9. Bg5 h6 10. Bd2 Nd7 11. O-O-O c5 12. g4 Nf8 13. g5 h5 14.
Rhg1 g6 15. Bc3 Nd7 16. Kb1 Rb8 17. Ne3 b5 18. b3 Bf8 19. Nh4 Bg7 20. Nef5 gxf5 21.
exf5 Nf8 22. Qxh5 Rb6 23. f6 Rxf6 24. gxf6 Qxf6 25. f4 Qxf4 26. Rdf1 Qe3 27. Qxf7+ Kh7 28. Qxg7# 1-0

[Event "*** Titled Tuesday Blitz"]
[Site "Chess.com"]
[Date "2018.09.04"]
[Round "3"]
[White "pKiLz5Rn9b"]
[Black "Supernotar"]
[Result "1-0"]
[WhiteElo "2807"]
[BlackElo "2458"]
[TimeControl "180+2"]
[EndTime "14:10:03 PDT"]
[Termination "pKiLz5Rn9b won by resignation"]

1. b3 b6 2. Bb2 Bb7 3. Nf3 e6 4. g3 Nf6 5. Bg2 g6 6. c4 Bg7 7. O-O O-O 8. d4 d5 9. cxd5 Nxd5 10. Na3 Nd7 11. Rc1 c5 12. e4 N5f6 13. e5 Nd5 14. Nc4 Ba6 15. Re1 cxd4 16. Nxd4 Rc8 17. Ba3 Nc5 18. b4 Bxc4 19. Rxc4 Nd7 20. Nc6 Qe8 21.
Bxd5 exd5 22. Qxd5 b5 23. Qxb5 Nxe5 24. Rxe5 Bxe5 25.
Qxe5 Qxe5 26. Nxe5 Rcd8 27. Nc6 Rd3 28. Bb2 f6 29. a4 Kf7 30. b5 Re8 31. Bd4 g5 32. a5 g4 33. Be3 Rd1+ 34. Kg2 Re6 35. b6 axb6 36. axb6 Red6 37. b7 Rb1 38. b8=Q Rdd1 39. Qxb1 Rxb1 40. Rxg4 1-0

[Event "*** Titled Tuesday Blitz"]
[Site "Chess.com"]
[Date "2018.09.04"]
[Round "3"]
[White "GABUZYAN_CHESSMOOD"]
[Black "martinmartinez95"]
[Result "0-1"]
[WhiteElo "2594"]
[BlackElo "2444"]
[TimeControl "180+2"]
[EndTime "14:10:14 PDT"]
[Termination "martinmartinez95 won on time"]

1. Nf3 g6 2. g3 Bg7 3. Bg2 d6 4. O-O Nf6 5. d4 O-O 6. Nc3 c6 7. e4 Qc7 8. Re1 e5 9. h3 Nbd7 10. Be3 b5 11. a3 a5 12. Qd2 Bb7 13. Bh6 b4 14. axb4 axb4 15. Rxa8 Rxa8 16. Nd1 Bxh6 17. Qxh6 Ra1 18. dxe5 Nxe5 19. Ng5 Qb6 20. Rf1 Ba6 21. Re1 Qd4 22. Nf3 Nxf3+ 23. Bxf3 Nd7 24. Bg2 Rxd1 0-1

[Event "*** Titled Tuesday Blitz"]
[Site "Chess.com"]
[Date "2018.09.04"]
[Round "3"]
[White "Paladin61"]
[Black "Arash_Tahbaz"]
[Result "0-1"]
[WhiteElo "2515"]
[BlackElo "2730"]
[TimeControl "180+2"]
[EndTime "14:10:20 PDT"]
[Termination "Arash_Tahbaz won by resignation"]

1. d4 g6 2. c4 Bg7 3. e4 e6 4.
Nc3 Ne7 5. f3 d5 6. Be3 Nbc6 7.
Nge2 O-O 8. Qd2 dxc4 9. O-O-O a6 10. Bh6 b5 11. h4 f6 12. Bxg7 Kxg7 13. h5 g5 14. h6+ Kh8 15. f4 gxf4 16. Qxf4 Qd6 17.
e5 Qd8 18. Qg3 Nf5 19. Qf2 fxe5 20. dxe5 Qg5+ 21. Kb1 Nxe5 22. Ne4 Qe3 23. Qf4 Ng6 24. Qf3 Bb7 25. N2c3 b4 0-1

[Event "*** Titled Tuesday Blitz"]
[Site "Chess.com"]
[Date "2018.09.04"]
[Round "3"]
[White "KhalilMousavi77"]
[Black "Kouzari"]
[Result "1-0"]
[WhiteElo "2747"]
[BlackElo "2462"]
[TimeControl "180+2"]
[EndTime "14:10:21 PDT"]
[Termination "KhalilMousavi77 won by resignation"]

1. e4 e6 2. d4 d5 3. Nc3 Nf6 4. e5 Nfd7 5. f4 c5 6. Nf3 Nc6 7. Be3 Qb6 8. Na4 Qa5+ 9. c3 cxd4 10. b4 Nxb4 11. cxb4 Bxb4+ 12. Bd2 Bxd2+ 13. Nxd2 O-O 14. Bd3 b5 15. Nb2 Nb6 16. O-O Nc4 17. Bxh7+ Kxh7 18. Qh5+ Kg8 19. Nbxc4 dxc4 20. Ne4 f6 21. Nxf6+ Rxf6 22.
exf6 Bb7 23. Rae1 Qb6 24. f7+ Kf8 25. f5 d3+ 26. Rf2 e5 27. Rxe5 Bc6 28. f6 gxf6 1-0

[Event "*** Titled Tuesday Blitz"]
[Site "Chess.com"]
[Date "2018.09.04"]
[Round "3"]
[White "b_6"]
[Black "Godzillator"]
[Result "0-1"]
[WhiteElo "2383"]
[BlackElo "2311"]
[TimeControl "180+2"]
[EndTime "14:10:41 PDT"]
[Termination "Godzillator won by resignation"]

1. d4 d5 2. Bf4 c5 3. e3 cxd4 4. exd4 Nc6 5. c3 Nf6 6. Bd3 Bg4 7. Qb3 Qc8 8. Nd2 e6 9. Ngf3 Be7 10. O-O Bh5 11.
Rae1 Bg6 12. Bxg6 hxg6 13. h3 O-O 14. Ne5 Nxe5 15. Bxe5 Qc6 16. Re3 b5 17. Qd1 b4 18.
h4 bxc3 19. Rxc3 Qb5 20. Rb3 Qd7 21. Qe2 Rfc8 22. Qa6 Qc6 23. Qb7 Nd7 24. Nf3 Nxe5 25. Nxe5 Qxb7 26. Rxb7 Re8 27. Rc1 Bxh4 28. Rcc7 Bf6 29.
Rxf7 Rf8 30. Rfc7 Rfc8 31. Rf7 Rc1+ 32. Kh2 Rd1 33. g4 Rxd4 34. Nxg6 Rxg4 0-1